 Dungeon Crawl Stone Soup version 0.21.0-37-g46506fa (webtiles) character file.

674167 theElss the Gargoyle Barricade (level 27, -3/196 HPs)
             Began as a Gargoyle Berserker on Jan 31, 2018.
             Was the Champion of Trog.
             Slain by a storm dragon (8 damage)
             ... on level 4 of the Realm of Zot on Feb 1, 2018.
             The game lasted 05:11:05 (68560 turns).

theElss the Gargoyle Barricade (GrBe)              Turns: 68560, Time: 05:11:06

Health: -3/196     AC: 45    Str: 31 (32) XL:     27
Magic:  0/33       EV:  9    Int: 19      God:    Trog [******]
Gold:   7182       SH: 32    Dex:  4 (5)  Spells: 26/26 levels left

rFire    + + .     SeeInvis .   E - +10 eveningstar of the Spider {crush, +Rage Int+2}
rCold    + + .     Gourm    .   U - +0 large shield {rC+}
rNeg     + + .     Faith    .   M - +0 gold dragon scales
rPois    ∞         Spirit   .   Y - +1 helmet of Guetid {rElec Regen+ Dex-2 Slay+3}
rElec    +         Reflect  +   I - +2 cloak "Nokeb" {Int+4}
rCorr    .         Harm     .   D - +1 pair of gloves {archery}
MR       +++++                  z - +1 pair of boots of Dehicsot {rN+ Int+3 Slay+3}
Stlth    ..........             S - +5 amulet of reflection
HPRegen  1.82/turn              F - ring of protection from magic
MPRegen  0.23/turn              f - ring of protection from fire

@: berserk cooldown, flying, regenerating, slowed, drained, very slow
A: big wings, clumsy 1, deformed body, deterioration 1, negative energy
resistance 1, screaming 1, electricity resistance, unbreathing, petrification
resistance, rot immunity, AC +20
}: 3/15 runes: decaying, silver, gossamer
a: Stop Flying, Berserk, Trog's Hand, Brothers in Arms, Burn Spellbooks,
Renounce Religion, Evoke Berserk Rage


You were on level 4 of the Realm of Zot.
You worshipped Trog.
Trog was exalted by your worship.
You were not hungry.

You visited 10 branches of the dungeon, and saw 51 of its levels.
You also visited: Volcano and Wizlab.

You collected 8423 gold pieces.
You spent 1241 gold pieces at shops.

Inventory:

Hand Weapons
 a - the +7 morningstar of Guile {antimagic, rElec rF++ Int-2 Dex+2}
   (Trog gifted it to you on level 2 of the Vaults)

   It reduces the magical energy of the wielder, and disrupts the spells and
   magical abilities of those hit.
   Natural abilities and divine invocations are not affected.
   It affects your intelligence (-2).
   It affects your dexterity (+2).
   It greatly protects you from fire.
   It insulates you from electricity.
 b - the +11 hand crossbow of Defilement {velocity, rF- rC+++ Str+2 SInv}
   (You found it on level 3 of the Elven Halls)

   Any bolt fired from it inflicts extra damage.
   It affects your strength (+2).
   It makes you vulnerable to fire.
   It renders you almost immune to cold.
   It lets you see invisible.
 E - the +10 eveningstar of the Spider (weapon) {crush, +Rage Int+2}
   (Trog gifted it to you on level 1 of the Spider Nest)

   It inflicts extra damage upon your enemies.
   It affects your intelligence (+2).
   It lets you go berserk.
Missiles
 R - 1907 bolts
Armour
 z - the +1 pair of boots of Dehicsot (worn) {rN+ Int+3 Slay+3}
   (You found it on level 6 of the Lair of Beasts)

   It affects your intelligence (+3).
   It affects your accuracy and damage with ranged weapons and melee attacks
   (+3).
   It protects you from negative energy.
 D - a +1 pair of gloves of archery (worn)
 I - the +2 cloak "Nokeb" (worn) {Int+4}
   (You found it on level 4 of the Depths)

   It affects your intelligence (+4).
 M - +0 gold dragon scales (worn)
 U - a +0 large shield of cold resistance (worn)
 Y - the +1 helmet of Guetid (worn) {rElec Regen+ Dex-2 Slay+3}
   (You found it on level 1 of the Spider Nest)

   It affects your dexterity (-2).
   It affects your accuracy and damage with ranged weapons and melee attacks
   (+3).
   It insulates you from electricity.
   It increases your rate of regeneration.
Jewellery
 f - a ring of protection from fire (right hand)
 r - an uncursed ring of positive energy
 x - an uncursed ring of protection from cold
 B - an uncursed amulet of guardian spirit
 F - a ring of protection from magic (left hand)
 P - the amulet of Muygicol {MR+ Regen+ Int-2 Dex+6}
   (You found it on level 2 of the Depths)

   [amulet of regeneration]

   It affects your intelligence (-2).
   It affects your dexterity (+6).
   It affects your resistance to hostile enchantments.
   It increases your rate of regeneration.
 S - a +5 amulet of reflection (around neck)
 V - an uncursed ring of resist corrosion
Wands
 H - a wand of polymorph (15)
 L - a wand of flame (151)
 O - a wand of iceblast (87)
 Q - a wand of enslavement (31)
Scrolls
 h - 5 scrolls of magic mapping
 j - 23 scrolls of teleportation
 k - 20 scrolls of identify
 l - 9 scrolls of blinking
 p - 19 scrolls of remove curse
 t - a scroll of enchant armour
 w - 6 scrolls of fear
 A - 5 scrolls of fog
 G - 3 scrolls of silence
 J - 2 scrolls of summoning
 K - 2 scrolls of holy word
Potions
 e - 4 potions of resistance
 g - 12 potions of heal wounds
 i - 5 potions of invisibility
 n - a potion of might
 q - 18 potions of curing
 u - 8 potions of lignification
 C - 4 potions of haste
 Z - 3 potions of magic
Books
 s - a book of Alchemy

   Spells                             Type                      Level
   a - Sublimation of Blood           Necromancy                   2
   b - Ignite Poison                  Fire/Transmutation/Poison    3
   c - Petrify                        Transmutation/Earth          4
   d - Alistair's Intoxication        Transmutation/Poison         5
   e - Irradiate                      Conjuration/Transmutation    5
   Trog disapproves of the use of such an item.
 v - a book of Changes

   Spells                             Type                      Level
   a - Beastly Appendage              Transmutation                1
   b - Sticks to Snakes               Transmutation                2
   c - Spider Form                    Transmutation/Poison         3
   d - Ice Form                       Ice/Transmutation            4
   e - Blade Hands                    Transmutation                5
   Trog disapproves of the use of such an item.
 y - a book of the Warp

   Spells                             Type                      Level
   a - Gell's Gravitas                Translocation                3
   b - Portal Projectile              Hexes/Translocation          3
   c - Force Lance                    Conjuration/Translocation    4
   d - Dispersal                      Translocation                6
   e - Controlled Blink               Translocation                8
   f - Disjunction                    Translocation                8
   Trog disapproves of the use of such an item.
 W - a Necronomicon

   Spells                             Type                      Level
   a - Haunt                          Necromancy/Summoning         7
   b - Borgnjor's Revivification      Necromancy                   8
   c - Death's Door                   Charms/Necromancy            8
   d - Infestation                    Necromancy                   8
   e - Necromutation                  Transmutation/Necromancy     8
   Trog disapproves of the use of such an item.
Miscellaneous
 d - a lamp of fire
 o - a lamp of fire
 N - a phial of floods
 T - a phial of floods
 X - a box of beasts
Comestibles
 c - 94 rations


   Skills:
 + Level 26.2(26.0) Fighting
 + Level 25.1(24.9) Maces & Flails
 - Level 10.0(9.8) Crossbows
 - Level 13.2(13.0) Armour
 - Level 14.0(13.8) Dodging
 - Level 0.7(0.5) Stealth
 O Level 27(26.7) Shields
 - Level 13.5(13.3) Evocations


You had 26 spell levels left.
You didn't know any spells.

Dungeon Overview and Level Annotations

Branches:
Dungeon (15/15)            Temple (0/1) D:5            Lair (6/6) D:8
  Swamp (4/4) Lair:2       Spider (4/4) Lair:4        Slime (0/5) Lair:5
    Orc (2/2) D:12            Elf (3/3) Orc:2        Vaults (5/5) D:13
  Crypt (3/3) Vaults:2       Tomb (0/3) Crypt:3      Depths (5/5) D:15
    Zot (4/5) Depths:5

Altars:
Cheibriados
Dithmenos
Fedhas
Kikubaaqudgha
Makhleb
Sif Muna
Yredelemnul
The Shining One
Beogh

Shops:
D:4 [   D:14 [   Orc:2 %([(   Elf:1 =}=   Elf:2 ?   Vaults:2 *   Vaults:4 }

Portals:
Hell: Depths:1 Depths:2 Depths:3 Depths:4 Depths:5
Abyss: Depths:4
Pandemonium: Depths:3
Ziggurat: Depths:4
Trove: Depths:4 (show slimy rune of Zot)

Annotations:
Lair:4 exclusion: oklob plant
Depths:2 2 runed doors
Zot:4 1 transporter


Innate Abilities, Weirdness & Mutations

You are resistant to torment.
Your stone body is resilient. (AC +20)
You are immune to poison.
Your large and strong wings let you fly indefinitely.
You resist negative energy. (rN+)
You are resistant to electric shocks. (rElec)
You can survive without breathing.
You are immune to petrification.
You are immune to rotting.
You are clumsy. (Dex -2)
Armour fits poorly on your strangely shaped body.
Your body sometimes deteriorates upon taking damage.
You occasionally shout uncontrollably at your foes.


Message History

Unknown command.
You miss something. You block the storm dragon's attack. x2
The storm dragon tramples you!
* * * LOW HITPOINT WARNING * * *
You hold your ground!
Something hits you but does no damage. x2
Something stings you but does no damage.
The golden dragon closely misses you. The golden dragon claws you.
* * * LOW HITPOINT WARNING * * *
You block the golden dragon's attack.
Your cyclops hits the storm dragon! The shadow dragon bites you.
* * * LOW HITPOINT WARNING * * *
You block the shadow dragon's attack. x2
Something hits you but does no damage. x2
Something stings you but does no damage.
You feel you are being watched by something.
The moth of wrath goads the golden dragon on!
The golden dragon goes berserk!
The storm dragon bites you but does no damage.
The storm dragon closely misses you. The storm dragon tramples you!
You die...

#.# ©....... #..##......##.
#.## ....... ##..##....####
##.###)$...###....##...## #
##..#)$...##..$...#....##
#©.#[$....#..D.©.#©....##
##..#)$...##.yD...#.##....
##.###?$..D###....##.###...
#.##....C.{D###Dy##..# ##..
#.##....DD@D{#..##..## #..
#.#########Dyy..#....## #..
#.........#######.....###..
#########......(...#.......
####......###..[...
##....## ####### ##...##
##...## ##...########


You could see 3 shadow dragons, a golden dragon (berserk), 2 storm dragons, 2
moths of wrath and a friendly cyclops (berserk).

Vanquished Creatures
  An orb of fire (Zot:4)
  An ancient lich (Vaults:5)
  2 juggernauts
  Xtahua (Vaults:4)
  Margery (Depths:5)
  A Killer Klown (Zot:2)
  6 curse toes
  6 caustic shrikes
  Jory (Depths:5)
  9 golden dragons
  A bone dragon (Crypt:3)
  A shard shrike zombie (Crypt:2)
  3 electric golems (Zot:3)
  Jorgrun (Crypt:2)
  23 tentacled monstrosities
  3 liches
  Rupert (D:15)
  2 deep elf blademasters
  A moon troll (WizLab)
  6 quicksilver dragons
  The ghost of Zhenya24pyc the Bludgeoner, an adept GrFi of Okawaru (Vaults:2)
  7 titans
  A deep elf master archer (Elf:3)
  7 death cobs
  2 thorn hunters (Swamp:4)
  6 sphinxes
  9 tentacled starspawn (WizLab)
  10 ancient champions
  11 storm dragons
  Kirke (Swamp:1)
  11 shadow dragons
  11 tengu reavers
  5 revenants
  13 draconian monks
  Donald (Orc:1)
  13 fire giants
  10 deep elf sorcerers
  9 ghost moths
  An iron dragon (Depths:3)
  A draconian knight (Zot:2)
  An orc warlord (Orc:2)
  16 vault wardens
  A balrug (Depths:2)
  12 frost giants
  5 draconian scorchers
  6 spriggan defenders
  6 draconian shifters
  2 curse skulls
  15 ironheart preservers
  5 emperor scorpions
  Louise (Spider:1)
  4 deep elf elementalists
  A reaper (Crypt:3)
  A draconian stormcaller (Zot:3)
  2 cacodemons
  The ghost of theElss the Bludgeoner, a journeyman GrBe of Trog (Orc:1)
  4 ghouls
  7 draconian annihilators
  A caustic shrike skeleton (Crypt:2)
  7 entropy weavers
  6 war gargoyles
  11 vampire knights
  30 very ugly things
  19 black draconians
  8 deep elf demonologists
  8 green draconians
  29 stone giants
  14 purple draconians
  6 yellow draconians
  10 spark wasps
  7 red draconians
  11 white draconians
  6 eidola
  9 deep elf annihilators
  11 deep elf death magi
  16 fire dragons
  A merfolk javelineer (Depths:5)
  A crystal guardian (Vaults:3)
  10 ettins
  2 green deaths (Swamp:4)
  2 blizzard demons (Depths:2)
  9 jiangshi
  15 yaktaur captains
  A merfolk impaler (Depths:5)
  18 ogre magi
  4 deep elf high priests
  10 great orbs of eyes
  A quicksilver dragon skeleton (Crypt:3)
  11 hydras
  8 ice dragons
  The ghost of Curus the Spear-Bearer, a journeyman MfGl of Yredelemnul (Lair:2)
  A ghost crab (Swamp:4)
  A caustic shrike simulacrum (Depths:1)
  5 spriggan air magi
  5 rakshasas
  34 vault guards
  4 centaur warriors
  The ghost of Ratty the Archer, a novice CeHu of Trog (D:8)
  3 anacondas (shapeshifter)
  5 death knights
  9 tengu warriors
  20 dancing weapons
  10 deep troll earth magi
  A queen ant (Spider:4)
  14 alligators
  46 two-headed ogres
  12 deep troll shamans
  11 death yaks
  A thrashing horror (Swamp:4)
  Urug (D:12)
  28 hell knights
  4 orc high priests
  18 deep elf knights
  11 vampire magi
  A titan zombie (Crypt:3)
  4 spriggan berserkers
  2 soul eaters
  5 iron trolls
  3 shadow wraiths
  30 skeletal warriors
  A wretched star (WizLab)
  3 death drakes (Depths:5)
  6 flayed ghosts
  14 glowing orange brains
  6 wizards
  A spriggan druid (Swamp:4)
  An unseen horror (Vaults:1)
  17 swamp dragons
  44 deep trolls
  11 deep elf archers
  A lindwurm (shapeshifter) (Depths:1)
  4 lindwurms
  16 ironbrand convokers
  15 orc knights
  2 shambling mangroves (Swamp:1)
  An orange crystal statue (WizLab)
  An anaconda skeleton (Crypt:3)
  15 necromancers
  18 orb spiders
  A manticore (D:12)
  5 harpies
  A sphinx zombie (Depths:2)
  2 frost giant zombies
  10 phantasmal warriors
  An iron dragon zombie (Crypt:3)
  2 large abominations (Elf:1)
  A stone giant zombie (Depths:1)
  52 deep elf magi
  4 orc sorcerers
  59 ugly things
  A moth of wrath (shapeshifter) (Vaults:4)
  32 wolf spiders
  A mana viper (shapeshifter) (Vaults:2)
  An iron dragon skeleton (Crypt:3)
  A shining eye (shapeshifter) (Depths:4)
  33 moths of wrath
  6 black mambas
  5 cyclopes
  2 fire giant skeletons
  11 elephants
  2 stone giant skeletons
  2 molten gargoyles (Volcano)
  A torpor snail (Spider:3)
  A rust devil (Depths:3)
  19 vault sentinels
  4 centaur zombies
  2 human skeletons
  A smoke demon (Depths:2)
  A spiny frog (shapeshifter) (Vaults:1)
  2 titan simulacra
  4 eyes of devastation (WizLab)
  A frost giant skeleton (Crypt:2)
  17 spiny frogs
  2 gargoyles
  10 komodo dragons
  5 kobold demonologists
  2 yaktaur zombies
  A spriggan zombie (D:15)
  36 yaktaurs
  A green draconian zombie (Crypt:1)
  6 orange demons
  A purple draconian zombie (Crypt:2)
  4 rime drakes
  9 demonic crawlers
  A red draconian zombie (Crypt:1)
  An entropy weaver simulacrum (Vaults:3)
  7 freezing wraiths
  A guardian mummy (Crypt:3)
  A tengu conjurer (D:13)
  A yellow draconian skeleton (Crypt:1)
  A harpy zombie (Crypt:2)
  2 hellwings (Depths:2)
  8 trolls
  A purple draconian skeleton (Crypt:2)
  A spriggan skeleton (Depths:2)
  A queen bee (D:8)
  A red devil (Depths:3)
  A minotaur zombie (Crypt:2)
  9 polar bears (Lair:6)
  35 jumping spiders
  17 hornets
  3 polar bears (shapeshifter)
  3 raiju (Lair:6)
  2 wind drakes (Depths:5)
  A blink frog (shapeshifter) (Vaults:4)
  A deep troll zombie (D:15)
  An alligator zombie (Crypt:2)
  3 tyrant leeches
  2 ice dragon zombies
  12 blink frogs
  36 slime creatures
  20 dream sheep
  9 bog bodies
  An ettin zombie (Crypt:2)
  17 hippogriffs
  A fire giant simulacrum (Vaults:3)
  A hippogriff (shapeshifter) (Depths:1)
  A flying skull (Crypt:1)
  2 ynoxinuls
  Sigmund (D:3)
  7 air elementals
  12 spriggans
  2 ettin skeletons
  A guardian serpent skeleton (Crypt:3)
  2 shadows
  A tarantella (shapeshifter) (Vaults:4)
  A deep troll skeleton (D:15)
  29 tarantellas
  79 redbacks
  33 yaks
  2 fire bats (Volcano)
  2 hogs (Lair:2)
  6 wraiths
  3 fire elementals (Elf:2)
  A yak (shapeshifter) (Depths:2)
  2 vampires (Crypt:3)
  2 wyverns
  A fire bat (shapeshifter) (Vaults:3)
  3 hungry ghosts
  9 water elementals
  A golden eye (shapeshifter) (Vaults:3)
  5 basilisks
  17 vampire mosquitoes
  19 swamp worms
  3 neqoxecs
  A swamp worm (shapeshifter) (Depths:4)
  9 wargs
  16 soldier ants (Spider:4)
  A gelid demonspawn zombie (Crypt:2)
  5 acid dragons
  14 hell hounds (Lair:6)
  Edmund (D:4)
  8 insubstantial wisps
  A merfolk zombie (Crypt:3)
  10 water moccasins
  A floating eye (Depths:1)
  9 porcupines
  A spiny frog skeleton (Crypt:2)
  3 phantoms
  13 black bears
  17 swamp drakes
  A sky beast (shapeshifter) (Vaults:5)
  16 starcursed masses (WizLab)
  54 orc warriors
  5 ice beasts
  5 sky beasts
  A dream sheep zombie (Crypt:1)
  8 necrophages
  11 boggarts
  4 small abominations
  13 wolves (Lair:6)
  13 centaurs
  2 ettin simulacra
  A hog zombie (Crypt:1)
  A manticore skeleton (Crypt:3)
  47 ogres
  3 eyes of draining
  2 elf skeletons
  2 hog skeletons (Crypt:3)
  3 big kobolds
  9 crocodiles
  A dream sheep skeleton (Crypt:3)
  A salamander zombie (Crypt:1)
  5 elf zombies
  20 bullfrogs
  2 gnoll sergeants
  2 earth elementals (Elf:2)
  A wyvern skeleton (Crypt:1)
  4 scorpions
  26 killer bees
  17 wights
  8 electric eels
  6 howler monkeys
  18 crimson imps
  6 lava snakes (Volcano)
  A soldier ant zombie (Crypt:3)
  3 bullfrog zombies (D:5)
  2 jellies (D:10)
  A wolf skeleton (Crypt:1)
  7 hounds
  A gnoll shaman (D:3)
  6 centaur skeletons
  16 orc priests
  39 orc wizards
  6 bullfrog skeletons
  An iron imp (Depths:4)
  6 iguanas
  26 worker ants
  A crocodile zombie (Crypt:3)
  A demigod skeleton (Crypt:1)
  A big kobold skeleton (Crypt:2)
  2 hound zombies
  A tengu skeleton (Crypt:3)
  12 mummies
  13 gnolls
  18 adders
  6 shadow imps
  A white imp (Depths:2)
  An ooze (shapeshifter) (Vaults:5)
  3 oozes
  4 adder zombies
  A lava snake zombie (Crypt:2)
  2 adder skeletons (D:5)
  An iguana skeleton (Crypt:3)
  A worm (D:3)
  5 dart slugs
  5 leopard geckos
  127 orcs
  A ball python (D:1)
  A bat skeleton (Crypt:2)
  4 giant cockroaches
  10 goblins
  A hobgoblin (shapeshifter) (Vaults:5)
  6 hobgoblins
  10 jackals
  4 quokkas
  7 bats
  5 frilled lizards
  A hobgoblin skeleton (Crypt:2)
  19 kobolds
  A kobold simulacrum (Crypt:3)
  8 rats
  A briar patch (Swamp:4)
  8 starspawn tentacles (WizLab)
2711 creatures vanquished.

Vanquished Creatures (collateral kills)
  A deep elf blademaster (Elf:3)
  A deep elf sorcerer (Elf:3)
  An ironheart preserver (Vaults:3)
  An orb spider (Spider:1)
  A deep elf mage (Elf:3)
  A yaktaur (Vaults:3)
6 creatures vanquished.

Vanquished Creatures (others)
  Boris (Vaults:4)
  A deep elf master archer (Elf:3)
  A draconian knight (Zot:4)
  A stone giant (Vaults:2)
  2 purple draconians (Zot:3)
  A deep elf high priest (Elf:3)
  2 yaktaur captains (Vaults:5)
  A rakshasa (Depths:5)
  An ice dragon (Depths:2)
  A two-headed ogre (Vaults:5)
  A deep elf knight (Elf:1)
  A shadow wraith (Vaults:5)
  A deep elf archer (Vaults:2)
  A moth of wrath (Zot:4)
  A stone giant skeleton (Vaults:3)
  4 yaktaurs
  2 hornets (Swamp:1)
  A jumping spider (Spider:1)
  A human (Swamp:1)
  A warg (Lair:6)
  A swamp drake (Lair:6)
  An ogre (Vaults:4)
  A boggart (Depths:2)
  An orc (Vaults:4)
  8 fungi
  51 plants
  24 starspawn tentacles (WizLab)
113 creatures vanquished.

Grand Total: 2830 creatures vanquished

Notes
Turn   | Place    | Note
-------+----------+-------------------------------------------
     0 | D:1      | theElss the Gargoyle Berserker began the quest for the Orb.
     0 | D:1      | Reached XP level 1. HP: 14/14 MP: 1/1
   218 | D:1      | Reached XP level 2. HP: 18/19 MP: 2/2
   891 | D:1      | Reached XP level 3. HP: 24/24 MP: 3/3
  1089 | D:2      | Reached ** piety under Trog
  1386 | D:2      | Noticed a sky beast
  1406 | D:2      | Killed a sky beast
  1406 | D:2      | Reached XP level 4. HP: 11/30 MP: 4/4
  1406 | D:2      | Reached XP level 5. HP: 13/34 MP: 5/5
  2120 | D:2      | Found a deep blue altar of Sif Muna.
  2320 | D:3      | Noticed Sigmund
  2344 | D:3      | Killed Sigmund
  2344 | D:3      | Reached skill level 5 in Maces & Flails
  2344 | D:3      | Reached XP level 6. HP: 39/39 MP: 6/6
  2602 | D:3      | Reached *** piety under Trog
  2651 | D:3      | Reached XP level 7. HP: 40/44 MP: 7/7
  3234 | D:4      | Reached skill level 5 in Fighting
  3368 | D:4      | Found a blossoming altar of Fedhas.
  3476 | D:4      | Found Quca's Antique Armour Shoppe.
  3634 | D:4      | Noticed Edmund
  3680 | D:4      | Killed Edmund
  4005 | D:5      | Entered Level 5 of the Dungeon
  4090 | D:5      | Reached XP level 8. HP: 47/51 MP: 8/8
  4372 | D:5      | Reached skill level 5 in Armour
  4659 | D:5      | Received a gift from Trog
  5018 | D:5      | Found a staircase to the Ecumenical Temple.
  5216 | D:6      | Reached XP level 9. HP: 45/56 MP: 9/9
  5941 | D:7      | Reached **** piety under Trog
  6573 | D:7      | Reached skill level 10 in Maces & Flails
  6697 | D:7      | Reached XP level 10. HP: 53/64 MP: 10/10
  7524 | D:8      | Noticed Ratty's ghost (novice CeHu)
  7582 | D:8      | Killed Ratty's ghost
  8067 | D:8      | Reached ***** piety under Trog
  8235 | D:8      | Received a gift from Trog
  8431 | D:8      | Reached skill level 1 in Shields
  8484 | D:8      | Reached XP level 11. HP: 60/71 MP: 11/11
  8491 | D:8      | Found a staircase to the Lair.
  8633 | D:8      | Reached skill level 2 in Shields
  8824 | D:9      | Reached skill level 3 in Shields
  8942 | D:9      | Reached skill level 4 in Shields
  9157 | D:9      | Found a snail-covered altar of Cheibriados.
  9240 | D:9      | Noticed a white ugly thing
  9252 | D:9      | Killed a white ugly thing
  9303 | D:9      | Reached skill level 5 in Shields
  9553 | D:10     | Entered Level 10 of the Dungeon
  9811 | D:10     | Reached skill level 6 in Shields
 10073 | D:10     | Received a gift from Trog
 10077 | D:10     | Got a faintly glowing morningstar {god gift}
 10078 | D:10     | Identified the +1 morningstar of Fallacy {crush, rC+ rN+ MR++ Str+4} (Trog gifted it to you on level 10 of the Dungeon)
 10392 | D:11     | Noticed a two-headed ogre
 10398 | D:11     | Killed a two-headed ogre
 10398 | D:11     | Reached skill level 7 in Shields
 10602 | D:11     | Noticed a cyan ugly thing
 10617 | D:11     | Killed a cyan ugly thing
 10617 | D:11     | Reached skill level 8 in Shields
 10905 | D:11     | Reached XP level 12. HP: 70/76 MP: 12/12
 11341 | D:11     | Reached skill level 9 in Shields
 11522 | D:12     | Noticed a six-headed hydra
 11551 | D:12     | Killed a six-headed hydra
 11621 | D:12     | Received a gift from Trog
 11657 | D:12     | Noticed a rakshasa
 11673 | D:12     | Killed a rakshasa
 11673 | D:12     | Reached skill level 10 in Shields
 12147 | D:12     | Noticed a two-headed ogre
 12153 | D:12     | Killed a two-headed ogre
 12339 | D:12     | Received a gift from Trog
 12392 | D:12     | Found a roughly hewn altar of Beogh.
 12562 | D:12     | Found a staircase to the Orcish Mines.
 12638 | D:12     | Reached skill level 11 in Shields
 13127 | Lair:1   | Entered Level 1 of the Lair of Beasts
 13591 | Lair:1   | Reached XP level 13. HP: 80/80 MP: 13/13
 14121 | Lair:2   | Reached skill level 12 in Shields
 14208 | Lair:2   | Noticed Curus's ghost (journeyman MfGl)
 14250 | Lair:2   | Killed Curus's ghost
 14310 | Lair:2   | Found a staircase to the Swamp.
 15025 | Lair:3   | Reached skill level 15 in Maces & Flails
 15141 | Lair:3   | Reached skill level 13 in Shields
 15146 | Lair:3   | Reached ****** piety under Trog
 15865 | Lair:4   | Received a gift from Trog
 16151 | Lair:4   | Gained mutation: Your large and strong wings let you fly indefinitely. [Gargoyle growth]
 16151 | Lair:4   | Reached XP level 14. HP: 68/86 MP: 14/14
 16249 | Lair:4   | Found a hole to the Spider Nest.
 16261 | Lair:4   | Reached skill level 14 in Shields
 17084 | Lair:5   | Reached skill level 15 in Shields
 17302 | Lair:5   | Reached skill level 10 in Fighting
 17354 | Lair:5   | Found a staircase to the Slime Pits.
 17717 | Lair:6   | Entered Level 6 of the Lair of Beasts
 17721 | Lair:6   | Found a blossoming altar of Fedhas.
 18309 | Lair:6   | Found a dark tunnel.
 18325 | Volcano  | Entered a volcano
 18556 | Volcano  | Found a bloodstained altar of Trog.
 19072 | Lair:6   | Reached XP level 15. HP: 92/96 MP: 15/15
 19293 | Lair:6   | Reached skill level 10 in Armour
 19434 | Lair:6   | Received a gift from Trog
 20138 | Lair:6   | Found the +9 sword of Zonguldrok {reap}
 20444 | Lair:6   | Received a gift from Trog
 20753 | Lair:6   | Got a pair of ichor-stained boots
 20764 | Lair:6   | Identified the +1 pair of boots of Dehicsot {rN+ Int+3 Slay+3} (You found it on level 6 of the Lair of Beasts)
 21190 | Orc:1    | Entered Level 1 of the Orcish Mines
 21190 | Orc:1    | Noticed theElss's ghost (journeyman GrBe)
 21225 | Orc:1    | Killed theElss's ghost
 22049 | Orc:2    | Entered Level 2 of the Orcish Mines
 22076 | Orc:2    | Noticed Donald
 22136 | Orc:1    | Killed Donald
 22340 | Orc:2    | Received a gift from Trog
 22341 | Orc:2    | Found the +5 demon whip "Spellbinder" {antimagic, MR+}
 22449 | Orc:2    | Found a roughly hewn altar of Beogh.
 22450 | Orc:2    | Found Kamma's Weapon Shop.
 22720 | Orc:2    | Noticed an orc warlord
 22746 | Orc:2    | Killed an orc warlord
 22943 | Orc:2    | Found Bupni's Antique Weapon Boutique.
 22944 | Orc:2    | Found a roughly hewn altar of Beogh.
 22947 | Orc:2    | Found Wifynlug's Antique Armour Shop.
 22952 | Orc:2    | Bought a heavily runed plate armour for 784 gold pieces
 22952 | Orc:2    | Bought a spiked helmet for 266 gold pieces
 22968 | Orc:2    | Identified the cursed +0 helmet "Wetoxaw" {rN+ MP+9 Str+3} (You bought it in a shop on level 2 of the Orcish Mines)
 22978 | Orc:2    | Identified the +3 plate armour "Ywkulaf" {rN+ Dex+4} (You bought it in a shop on level 2 of the Orcish Mines)
 23011 | Orc:2    | Found a roughly hewn altar of Beogh.
 23043 | Orc:2    | Found a roughly hewn altar of Beogh.
 23190 | Orc:2    | Found a staircase to the Elven Halls.
 23335 | Orc:2    | Found a roughly hewn altar of Beogh.
 23367 | Orc:2    | Found a roughly hewn altar of Beogh.
 23387 | Orc:2    | Reached skill level 15 in Fighting
 23425 | Orc:2    | Found Wewub's Food Emporium.
 23579 | D:13     | Noticed Urug
 23595 | D:12     | Killed Urug
 23666 | D:13     | Found a gate to the Vaults.
 23686 | D:13     | Received a gift from Trog
 23705 | D:13     | Reached XP level 16. HP: 94/108 MP: 8/16
 25003 | D:14     | Found Yposomix's Antique Armour Shop.
 25244 | D:15     | Entered Level 15 of the Dungeon
 25244 | D:15     | Noticed Rupert
 25254 | D:15     | Killed Rupert
 25756 | D:15     | Found a staircase to the Depths.
 25954 | D:15     | Found a shadowy altar of Dithmenos.
 26725 | Swamp:1  | Entered Level 1 of the Swamp
 26725 | Swamp:1  | Noticed Kirke
 26773 | Swamp:1  | Killed Kirke
 26773 | Swamp:1  | Received a gift from Trog
 27336 | Swamp:1  | Identified Buguen's Almanac of Illusion and Transmigration
 27688 | Swamp:2  | Reached XP level 17. HP: 118/119 MP: 8/17
 28337 | Swamp:3  | Received a gift from Trog
 28920 | Swamp:4  | Entered Level 4 of the Swamp
 29223 | Swamp:4  | Noticed a tentacled monstrosity
 29233 | Swamp:4  | Killed a tentacled monstrosity
 29269 | Swamp:3  | Reached skill level 1 in Crossbows
 29269 | Swamp:3  | Reached skill level 1 in Evocations
 29589 | Swamp:4  | Received a gift from Trog
 30015 | Swamp:4  | Reached skill level 5 in Dodging
 30691 | Swamp:4  | Got a decaying rune of Zot
 30909 | Spider:1 | Entered Level 1 of the Spider Nest
 30962 | Spider:1 | Reached skill level 5 in Crossbows
 31046 | Spider:1 | Received a gift from Trog
 31157 | Spider:1 | Reached XP level 18. HP: 128/128 MP: 19/21
 31192 | Spider:1 | Reached skill level 5 in Evocations
 31550 | Spider:1 | Got a crystal eveningstar {god gift}
 31728 | Spider:1 | Noticed Louise
 31736 | Spider:1 | Killed Louise
 31812 | Spider:1 | Got a fine helmet
 32034 | Spider:1 | Identified the +10 eveningstar of the Spider {crush, +Rage Int+2} (Trog gifted it to you on level 1 of the Spider Nest)
 32046 | Spider:1 | Identified the +1 helmet of Guetid {rElec Regen+ Dex-2 Slay+3} (You found it on level 1 of the Spider Nest)
 33070 | Spider:3 | Received a gift from Trog
 33403 | Spider:4 | Entered Level 4 of the Spider Nest
 33415 | Spider:3 | Received a gift from Trog
 33504 | Spider:4 | Received a gift from Trog
 33797 | Spider:4 | Reached skill level 10 in Crossbows
 34224 | Spider:4 | Received a gift from Trog
 34407 | Spider:4 | Reached XP level 19. HP: 132/132 MP: 24/24
 34509 | Spider:4 | Received a gift from Trog
 34769 | Spider:4 | Got a gossamer rune of Zot
 35294 | Elf:1    | Entered Level 1 of the Elven Halls
 35306 | Elf:1    | Received a gift from Trog
 35787 | Elf:1    | Received a gift from Trog
 35831 | Elf:1    | Identified the Catalogue of Sinister Rites
 36032 | Elf:1    | Received a gift from Trog
 36065 | Elf:1    | Found Iggymn's Jewellery Emporium.
 36083 | Elf:1    | Found Ines's Gadget Boutique.
 36084 | Elf:1    | Found Wuedd's Jewellery Emporium.
 36094 | Elf:1    | Bought a cursed -2 ring of evasion for 36 gold pieces
 36750 | Elf:2    | Found a runed gate.
 36762 | Elf:2    | Found a runed gate.
 36763 | Elf:2    | Found a runed gate.
 36990 | Elf:2    | Found Womusargh's Magic Scroll Shop.
 37191 | Elf:2    | Reached skill level 10 in Dodging
 37257 | Elf:2    | Reached skill level 10 in Evocations
 37322 | Elf:2    | Received a gift from Trog
 37652 | Elf:3    | Entered Level 3 of the Elven Halls
 38102 | Elf:3    | Reached XP level 20. HP: 139/139 MP: 27/27
 38908 | Elf:3    | Noticed a Brimstone Fiend
 39247 | Elf:2    | Noticed a Tzitzimitl
 39251 | Elf:2    | Received a gift from Trog
 39269 | Elf:2    | Got an ancient eveningstar {god gift}
 39270 | Elf:2    | Identified the +10 eveningstar of Tender Mercy {freeze, +Fly rPois rC+++ Str-5} (Trog gifted it to you on level 2 of the Elven Halls)
 39405 | Elf:3    | Noticed a Brimstone Fiend
 39790 | Elf:3    | Identified the Tome of Freezing Contamination
 39871 | Elf:3    | Got a crystal hand crossbow
 39879 | Elf:3    | Identified the +11 hand crossbow of Defilement {velocity, rF- rC+++ Str+2 SInv} (You found it on level 3 of the Elven Halls)
 39890 | Elf:3    | Got a crystal arbalest
 39896 | Elf:3    | Identified the cursed +0 arbalest of Prescription {venom, *Drain Str+3 Dex+6} (You found it on level 3 of the Elven Halls)
 39907 | Elf:3    | Got a crystal morningstar
 39908 | Elf:3    | Identified the cursed +1 morningstar of Distraction {crush, +Rage +Fly Str+4} (You found it on level 3 of the Elven Halls)
 39922 | Elf:3    | Got a smoking chain mail
 39933 | Elf:3    | Identified the +3 chain mail "Raerat Say" {rPois} (You found it on level 3 of the Elven Halls)
 40633 | Vaults:1 | Entered Level 1 of the Vaults
 40920 | Vaults:1 | Received a gift from Trog
 41279 | Vaults:1 | Reached XP level 21. HP: 108/144 MP: 30/30
 41474 | Vaults:1 | Received a gift from Trog
 42514 | Vaults:2 | Found a staircase to the Crypt.
 42514 | Vaults:2 | Found a basalt altar of Yredelemnul.
 42515 | Vaults:2 | Found an ancient bone altar of Kikubaaqudgha.
 42762 | Vaults:2 | Received a gift from Trog
 42769 | Vaults:2 | Got a slimy morningstar {god gift}
 42770 | Vaults:2 | Identified the +7 morningstar of Guile {antimagic, rElec rF++ Int-2 Dex+2} (Trog gifted it to you on level 2 of the Vaults)
 42795 | Vaults:2 | Noticed Zhenya24pyc's ghost (adept GrFi)
 42810 | Vaults:2 | Killed Zhenya24pyc's ghost
 42825 | Vaults:2 | Found Caicloyb's Assorted Antiques.
 42834 | Vaults:2 | Bought a bone ring for 155 gold pieces
 43579 | Vaults:3 | Received a gift from Trog
 44223 | Vaults:3 | Received a gift from Trog
 44235 | Vaults:3 | Reached XP level 22. HP: 151/152 MP: 10/32
 44322 | Vaults:3 | Received a gift from Trog
 44927 | Vaults:4 | Found Yrphol's Gadget Shop.
 45045 | Vaults:4 | Noticed Boris
 45092 | Vaults:4 | Killed Boris
 45144 | Vaults:4 | Received a gift from Trog
 45945 | Crypt:1  | Entered Level 1 of the Crypt
 46626 | Crypt:2  | Noticed Jorgrun
 46638 | Crypt:2  | Killed Jorgrun
 47102 | Crypt:1  | Found a transporter.
 47111 | Crypt:1  | Found a transporter.
 47111 | Crypt:1  | Found a transporter.
 47111 | Crypt:1  | Found a transporter.
 47111 | Crypt:1  | Found a transporter.
 47151 | Crypt:1  | Received a gift from Trog
 47180 | Crypt:1  | Reached skill level 16 in Shields
 47196 | Crypt:1  | Got a flickering silver ring
 47248 | Crypt:1  | Found a transporter.
 47769 | Crypt:2  | Received a gift from Trog
 47778 | Crypt:2  | Reached XP level 23. HP: 164/164 MP: 11/33
 48067 | Crypt:2  | Reached skill level 17 in Shields
 48383 | Crypt:3  | Entered Level 3 of the Crypt
 48756 | Crypt:3  | Received a gift from Trog
 48879 | Crypt:3  | Reached skill level 18 in Shields
 48913 | Crypt:3  | Received a gift from Trog
 49196 | Crypt:3  | Found a staircase to the Tomb.
 49208 | Crypt:3  | Received a gift from Trog
 49514 | Crypt:3  | Received a gift from Trog
 49648 | Crypt:3  | Found an ancient bone altar of Kikubaaqudgha.
 49650 | Crypt:3  | Found a basalt altar of Yredelemnul.
 49650 | Crypt:3  | Noticed a curse toe
 49652 | Crypt:3  | Found the +4 dagger "Morg" {pain, MR+ Int+5}
 49659 | Crypt:3  | Killed a curse toe
 49659 | Crypt:3  | Reached skill level 19 in Shields
 49708 | Crypt:3  | Got a pair of shimmering gloves
 49719 | Crypt:3  | Identified the +0 pair of gloves "Bilueta" {rElec} (You found it on level 3 of the Crypt)
 50223 | Depths:1 | Entered Level 1 of the Depths
 50242 | D:15     | Identified the ring "Esteqor" {rF+ MR- Str+5 Dex+5} (You took it off a vampire mage on level 1 of the Crypt)
 50558 | Depths:1 | Reached skill level 20 in Shields
 50625 | Depths:1 | Received a gift from Trog
 50702 | Depths:1 | Found a gateway to Hell.
 50814 | Depths:1 | Reached XP level 24. HP: 170/171 MP: 11/33
 50893 | Depths:1 | Received a gift from Trog
 51111 | Depths:1 | Paralysed by a floating eye for 3 turns
 51132 | Depths:1 | Paralysed by a floating eye for 3 turns
 51143 | Depths:1 | Paralysed by a floating eye for 3 turns
 51478 | Depths:1 | Found a glowing golden altar of the Shining One.
 51983 | Depths:2 | Received a gift from Trog
 52047 | Depths:2 | Found a runed door.
 52049 | Depths:2 | Found a runed door.
 52111 | Depths:2 | Gained mutation: Your body sometimes deteriorates upon taking damage. [a neqoxec]
 52147 | Depths:2 | Reached skill level 21 in Shields
 52304 | Depths:2 | Found a burning altar of Makhleb.
 52308 | Depths:2 | Got a bound lead ring
 52310 | Depths:2 | Got a scorched diamond amulet
 52321 | Depths:2 | Identified the amulet of Muygicol {MR+ Regen+ Int-2 Dex+6} (You found it on level 2 of the Depths)
 52323 | Depths:2 | Identified the ring of Zettegos {*Tele *Slow rC+ MR+ Str+4} (You found it on level 2 of the Depths)
 52333 | Depths:2 | Got a faintly glowing turquoise ring
 52335 | Depths:2 | Identified the ring "Sanlal" {*Tele MR+} (You found it on level 2 of the Depths)
 53196 | Depths:2 | Received a gift from Trog
 53306 | Depths:3 | Noticed a caustic shrike
 53326 | Depths:3 | Noticed a caustic shrike
 53342 | Depths:2 | Killed a caustic shrike
 53361 | Depths:2 | Killed a caustic shrike
 53779 | Depths:3 | Reached skill level 22 in Shields
 53996 | Depths:3 | Reached XP level 25. HP: 176/176 MP: 11/33
 54059 | Depths:3 | Found the +9 staff of Wucad Mu {channel}
 54143 | Depths:3 | Found a one-way gate leading to the halls of Pandemonium.
 54299 | Depths:3 | Received a gift from Trog
 55252 | Depths:4 | Found a portal to a secret trove of treasure.
 55314 | Depths:4 | Received a gift from Trog
 55418 | Depths:4 | Received a gift from Trog
 55502 | Depths:4 | Found a gateway to a ziggurat.
 55503 | Depths:4 | Found a one-way gate to the infinite horrors of the Abyss.
 55873 | Depths:4 | Reached skill level 23 in Shields
 56235 | Depths:4 | Received a gift from Trog
 56318 | Depths:4 | Received a gift from Trog
 56360 | Depths:4 | Noticed a juggernaut
 56369 | Depths:4 | Killed a juggernaut
 56369 | Depths:4 | Reached XP level 26. HP: 179/182 MP: 11/33
 56497 | Depths:4 | Reached skill level 24 in Shields
 56606 | Depths:4 | Identified the Almanac of Freezing Attacks
 56707 | Depths:4 | Received a gift from Trog
 56797 | Depths:4 | Got a slimy cloak
 56808 | Depths:4 | Identified the +2 cloak "Nokeb" {Int+4} (You found it on level 4 of the Depths)
 57160 | Depths:5 | Entered Level 5 of the Depths
 57160 | Depths:5 | Noticed Margery
 57235 | Depths:5 | Killed Margery
 57362 | Depths:5 | Received a gift from Trog
 57462 | Depths:5 | Found a magical portal.
 57499 | WizLab   | Entered Lehudib's Moon Base
 57671 | WizLab   | Paralysed by accursed screaming for 1 turns
 57690 | WizLab   | Received a gift from Trog
 58192 | WizLab   | Found a transporter.
 58234 | WizLab   | Reached skill level 25 in Shields
 58264 | WizLab   | Received a gift from Trog
 58308 | WizLab   | Got a faintly glowing quarterstaff
 58408 | WizLab   | Identified Lehudib's Reference Book on Stones and Transformation
 58450 | WizLab   | Found a transporter.
 58460 | WizLab   | Identified the Catalogue of Creative Arcane Weapons
 58773 | Depths:5 | Noticed a juggernaut
 58784 | Depths:5 | Killed a juggernaut
 58900 | Depths:5 | Got a vibrating brass ring
 58902 | Depths:5 | Identified the ring of Cized {*Tele rN++} (You found it on level 5 of the Depths)
 59007 | Depths:5 | Noticed Jory
 59018 | Depths:5 | Killed Jory
 59137 | Depths:5 | Found a gate to the Realm of Zot.
 59241 | Depths:5 | Reached XP level 27. HP: 140/188 MP: 33/33
 60549 | Vaults:5 | Entered Level 5 of the Vaults
 60626 | Vaults:4 | Reached skill level 26 in Shields
 60655 | Vaults:4 | Received a gift from Trog
 60754 | Vaults:4 | Received a gift from Trog
 61005 | Vaults:5 | Noticed Xtahua
 61012 | Vaults:5 | Received a gift from Trog
 61112 | Vaults:4 | Paralysed by Xtahua for 4 turns
 61119 | Vaults:4 | Killed Xtahua
 61518 | Vaults:5 | Reached skill level 27 in Shields
 61612 | Vaults:5 | Received a gift from Trog
 61681 | Vaults:5 | Noticed an ancient lich
 61693 | Vaults:5 | Killed an ancient lich
 62467 | Vaults:5 | Got a sparkling iron amulet
 62804 | Vaults:5 | Identified the Handbook of Transformation
 63034 | Vaults:5 | Received a gift from Trog
 63249 | Vaults:5 | Identified the amulet "Boixtef" {*Corrode +Rage rN++ Int+6} (You took it off a vault warden on level 5 of the Vaults)
 63291 | Vaults:5 | Got a silver rune of Zot
 63831 | Zot:1    | Entered Level 1 of the Realm of Zot
 64198 | Zot:1    | Got a smoking bronze ring
 64229 | Zot:1    | Identified the ring of Generosity {+Blink rElec rF+ rN++ Slay-5} (You found it on level 1 of the Realm of Zot)
 65083 | Zot:2    | Got a coiled iron ring
 65085 | Zot:2    | Identified the ring of Caisoep {*Contam +Inv Dex+3 Stlth-} (You found it on level 2 of the Realm of Zot)
 65096 | Zot:2    | Gained mutation: Armour fits poorly on your strangely shaped body. [mutagenic glow]
 65266 | Zot:2    | Received a gift from Trog
 65945 | Zot:3    | Received a gift from Trog
 66669 | Zot:3    | Received a gift from Trog
 67973 | Zot:4    | Received a gift from Trog
 68275 | Zot:4    | Found the smoking robe
 68286 | Zot:4    | Found a transporter.
 68336 | Zot:4    | Found the +0 mask of the Dragon {MR+ Slay+3 SInv}
 68402 | Zot:4    | Noticed an orb of fire
 68409 | Zot:4    | Gained mutation: You are clumsy. (Dex -2) [an orb of fire]
 68410 | Zot:4    | Gained mutation: You occasionally shout uncontrollably at your foes. [an orb of fire]
 68411 | Zot:4    | Killed an orb of fire
 68527 | Zot:4    | Found a transporter.
 68560 | Zot:4    | HP: 9/196 [storm dragon (11)]
 68560 | Zot:4    | Slain by a storm dragon

Skill      XL: |  1  2  3  4  5  6  7  8  9 10 11 12 13 14 15 16 17 18 19 20 21 22 23 24 25 26 27 |
---------------+----------------------------------------------------------------------------------+-----
Fighting       | 4 5 6 8 9 12 15 18 19 20 23 26 | 26.2
Maces & Flails | 4 5 6 8 10 11 12 14 15 16 18 19 20 25 | 25.1
Armour         | 3 4 5 7 8 9 11 12 13 | 13.2
Dodging        | 2 3 4 5 7 10 13 14 | 14.0
Shields        | 1 8 11 13 15 16 20 22 23 25 27 | 27.0
Crossbows      | 5 10 | 10.0
Evocations     | 4 7 10 12 13 | 13.5
Stealth        | |  0.7

Action                   |  1- 3 |  4- 6 |  7- 9 | 10-12 | 13-15 | 16-18 | 19-21 | 22-24 | 25-27 || total
-------------------------+-------+-------+-------+-------+-------+-------+-------+-------+-------++-------
Melee: Mace              |   134 |   132 |   614 |   951 |       |       |       |       |       ||  1831
       Whip              |       |       |    67 |       |       |       |       |       |       ||    67
       Morningstar       |       |       |       |   456 |  1370 |       |   826 |  2123 |   837 ||  5612
       Demon whip        |       |       |       |       |   288 |  1355 |       |       |       ||  1643
       Eveningstar       |       |       |       |       |       |   411 |   822 |       |  1923 ||  3156
 Fire: Hand crossbow     |       |       |       |       |       |    58 |    19 |     1 |       ||    78
Invok: Berserk           |       |     2 |     9 |     9 |     7 |     6 |     4 |     6 |     7 ||    50
       Trog's Hand       |       |       |       |     1 |     1 |       |     4 |     4 |     4 ||    14
       Brothers in Arms  |       |       |       |     1 |       |       |     3 |     1 |     1 ||     6
 Abil: Fly               |       |       |       |       |     1 |       |       |       |       ||     1
Evoke: Wand              |       |       |       |       |       |       |       |       |     1 ||     1
  Use: Scroll            |       |       |     8 |     9 |     6 |     3 |    10 |     1 |     4 ||    41
       Potion            |       |       |       |       |       |       |       |     2 |     1 ||     3
 Stab: Confused          |       |       |       |       |     1 |       |       |       |       ||     1
       Paralysed         |       |       |       |       |     1 |       |       |       |       ||     1
  Eat: Chunk             |     2 |     5 |    20 |    31 |    38 |    41 |    28 |    26 |    55 ||   246
       Ration            |       |       |     1 |     1 |     1 |       |     3 |     5 |     1 ||    12
Armor: Animal skin       |    14 |       |       |       |       |       |       |       |       ||    14
       Chain mail        |    74 |    97 |   438 |    63 |       |       |       |       |       ||   672
       Plate armour      |       |       |       |   834 |   702 |   991 |   711 |  1008 |   330 ||  4576
       Gold dragon scale |       |       |       |       |       |       |       |       |  1196 ||  1196
Dodge: Dodged            |    57 |    53 |   264 |   408 |   342 |   525 |   531 |   692 |   787 ||  3659
Block: Shield            |       |       |       |   483 |   907 |  1117 |   986 |  1579 |  1433 ||  6505
       Reflection        |       |       |       |       |       |       |    57 |    35 |    58 ||   150
       Large shield      |       |       |       |       |       |       |       |       |  1168 ||  1168
